Map: Neon Violet Square LE

Players

Kozzy - Winner!

  • Race: Protoss Protoss
  • League: Gold
  • Spawn Location: 11:00

coverfire

  • Race: Protoss Protoss
  • League: Gold
  • Spawn Location: 5:00

VOD

Have the link to the VOD?

Description

Time

  • Played on: April 6, 2018, 1:03 a.m.
  • Length: 7:18
Show
View Real Time Build Order
Export as new Build Order

Kozzy Protoss - Winner!

Build Orders:  

Get SALT Encoding   

  12  0:02  Probe  
  13  0:14  Probe  
  14  0:24  Pylon  
  14  0:26  Probe (Chrono Boost)  
  15  0:41  Assimilator  
  15  0:48  Gateway  
  15  0:51  Probe  
  16  1:02  Pylon  
  16  1:03  Probe  
  17  1:15  Probe  
  18  1:30  Pylon  
  18  1:39  Cybernetics Core  
  18  1:44  Zealot (Chrono Boost)  
  20  1:55  Forge  
  20  1:56  Probe  
  21  2:04  Zealot (Chrono Boost)  
  21  2:08  Probe  
  24  2:18  Warp Gate, Shield Battery  
  24  2:27  Stalker (Chrono Boost)  
  26  2:35  Protoss Ground Weapons Level 1  
  26  2:43  Pylon  
  26  2:55  Photon Cannon  
  26  2:57  Shield Battery  
  26  3:01  Stalker (Chrono Boost)  
  28  3:24  Gateway  
  28  3:29  Stalker (Chrono Boost)  
  28  3:33  Gateway  
  30  3:39  Pylon  
  30  4:25  Twilight Council  
  30  4:26  Gateway  
  30  4:33  Pylon  
  30  4:38  Zealot x2  
  34  4:47  Zealot  
  34  4:52  Gateway  
  36  5:01  Stalker  
  38  5:30  Zealot x3  
  38  5:31  Zealot  
  46  5:35  Charge (Chrono Boost)  
  46  6:22  Zealot x3  
  46  6:23  Zealot  
  54  6:49  Stalker x3  
  44  7:02  Zealot x2  
Show
View Real Time Build Order
Export as new Build Order

coverfire Protoss 

Build Orders:  

Get SALT Encoding   

  12  0:01  Probe  
  13  0:13  Probe  
  14  0:23  Pylon  
  14  0:26  Probe  
  15  0:32  Pylon  
  15  0:41  Probe  
  16  0:49  Gateway  
  16  0:56  Probe  
  17  1:05  Gateway  
  17  1:11  Assimilator  
  17  1:19  Gateway  
  17  1:26  Probe  
  18  1:36  Gateway  
  18  1:38  Probe  
  19  1:42  Zealot (Chrono Boost)  
  21  1:56  Zealot (Chrono Boost)  
  21  1:57  Pylon  
  21  2:00  Zealot (Chrono Boost)  
  25  2:14  Pylon  
  29  2:25  Zealot x2 (Chrono Boost)  
  29  2:29  Zealot (Chrono Boost)  
  33  2:32  Zealot (Chrono Boost)  
  33  2:45  Zealot x2  
  37  2:51  Cybernetics Core  
  37  2:59  Zealot  
  37  3:01  Zealot  
  41  3:12  Zealot  
  43  3:14  Zealot  
  43  3:19  Assimilator  
  45  3:35  Zealot  
  45  3:39  Pylon  
  47  3:42  Zealot  
  37  4:08  Zealot x2  
  35  4:30  Zealot x2  
  39  4:45  Assimilator  
  39  4:47  Zealot  
  39  4:48  Zealot  
  43  4:55  Nexus  
  43  4:57  Stalker  
  45  5:07  Stalker  
  47  5:13  Probe (Chrono Boost)  
  49  5:22  Probe (Chrono Boost)  
  49  5:27  Probe (Chrono Boost)  
  49  5:34  Forge  
  50  5:47  Stalker x2  
  54  5:58  Twilight Council  
  54  6:05  Pylon  
  54  6:07  Probe (Chrono Boost)  
  49  6:42  Zealot  
  49  6:43  Zealot x2  
Tags
 
Add a new tag
Caveats
  • Supply blocks, unpowered buildings, or Contaminate may cause inaccurate times.
  • Supply counts are checked every 10 seconds.